 Dungeon Crawl Stone Soup version 0.29.0-4-gdea44cf6ec (webtiles) character file.

Game seed: 16145182289784604701

79 qw the Chopper (level 4, -2/26 HPs)
             Began as a Tengu Warper on Aug 28, 2022.
             Slain by an ice beast (9 damage)
             ... on level 3 of the Dungeon.
             The game lasted 00:00:12 (2823 turns).

qw the Chopper (Tengu Warper)                       Turns: 2823, Time: 00:00:12

Health: -2/26      AC:  8    Str: 13    XL:     4   Next: 38%
Magic:  8/8        EV:  6    Int: 14    God:
Gold:   134        SH:  0    Dex: 13    Spells: 7/7 levels left

rFire   . . .      SeeInvis .   Y - +0 hand axe
rCold   . . .      Faith    .   (no shield)
rNeg    . . .      Spirit   .   m - +0 chain mail
rPois   .          Reflect  .   (helmet restricted)
rElec   .          Harm     .   (no cloak)
rCorr   .          Rampage  .   (no gloves)
Will    +....                   (boots unavailable)
Stlth   ..........              (no amulet)
HPRegen 0.08/turn               c - ring of willpower
MPRegen 0.11/turn               (no ring)

@: no status effects
A: beak, talons 3
a: no special abilities


You were on level 3 of the Dungeon.
You visited 1 branch of the dungeon, and saw 3 of its levels.

You collected 134 gold pieces.


Innate Abilities, Weirdness & Mutations

You have a beak for a mouth.
You have claws for feet.


   Skills:
 - Level 2.0 Fighting
 + Level 5.0 Axes
 - Level 1.0 Throwing
 - Level 1.1 Armour
 - Level 2.1 Dodging
 - Level 2.0 Spellcasting
 - Level 2.4 Translocations


You had 7 spell levels left.
You didn't know any spells.
Your spell library contained the following spells:

 Spells                   Type           Power      Damage    Failure   Level
 Blink                    Tloc           16%        N/A       99%         2
 Gell's Gravitas          Tloc           8%         N/A       100%        3
 Lesser Beckoning         Tloc           8%         N/A       100%        3
 Teleport Other           Tloc           8%         N/A       100%        3
 Manifold Assault         Tloc           8%         N/A       100%        5

Inventory:

Hand Weapons
 j - a +0 whip
 Y - a +0 hand axe (weapon)
Armour
 m - a +0 chain mail (worn)
Jewellery
 c - a ring of willpower (left hand)
Scrolls
 a - a scroll of identify
Potions
 d - a potion of curing
 e - a potion of resistance {unknown}
 h - a potion of might {unknown}
 i - a potion of mutation {unknown}
 n - a potion of heal wounds {unknown}

Dungeon Overview and Level Annotations

Branches:
Dungeon (3/15)

Altars:
Fedhas


Message History

There is a stone staircase leading down here.
An ice beast comes into view.
Found a stone staircase leading up.
Enter note:
Enter note: You barely miss the ice beast.
The ice beast hits you but does no damage.
You closely miss the ice beast. Your kick misses the ice beast.
You peck the ice beast.
The ice beast is lightly wounded.
The ice beast barely misses you.
You closely miss the ice beast.
The ice beast is lightly wounded.
The ice beast hits you but does no damage.
You hit the ice beast.
The ice beast is lightly wounded.
The ice beast hits you. The ice beast freezes you!
Ouch! That really hurt!
You hit the ice beast but do no damage.
The ice beast is lightly wounded.
The ice beast hits you but does no damage.
You closely miss the ice beast. You claw the ice beast.
You peck the ice beast, but do no damage.
The ice beast is lightly wounded.
The ice beast barely misses you.
You closely miss the ice beast.
The ice beast is lightly wounded.
The ice beast barely misses you.
You barely miss the ice beast. Your kick misses the ice beast.
The ice beast is lightly wounded.
The ice beast hits you but does no damage.
The ice beast completely misses you.
You hit the ice beast but do no damage. You peck the ice beast.
The ice beast is moderately wounded.
The ice beast hits you but does no damage.
You hit the ice beast but do no damage. You claw the ice beast.
You peck the ice beast, but do no damage.
The ice beast is heavily wounded.
The ice beast hits you. The ice beast freezes you!
You die...

.###....... .#
............# #..
............#...<
............#....
................#
#................
+........#....####
#.......####+#####
#.....|.#.........
.........%.........
..................
..............##+#
.............###


You could see an ice beast.

Vanquished Creatures
  A gnoll (D:1)
  3 adders (D:2)
  A worm (D:2)
  2 dart slugs
  2 bats
  3 endoplasms
  A giant cockroach (D:2)
  5 goblins (D:2)
  4 hobgoblins
  2 jackals (D:3)
  A kobold (D:2)
  6 ball pythons
  2 frilled lizards (D:1)
  2 rats (D:2)
35 creatures vanquished.

Notes
Turn   | Place    | Note
-------+----------+-------------------------------------------
     0 | D:1      | qw the Tengu Warper began the quest for the Orb.
     0 | D:1      | Reached XP level 1. HP: 12/12 MP: 4/4
     0 | D:1      | 0 ||| qw: Version: 0.1-a-89-g26bdef1
     0 | D:1      | 0 ||| qw: Game counter: 1963
     0 | D:1      | 0 ||| qw: Always use a shield: true
     0 | D:1      | 0 ||| qw: God list: Okawaru
     0 | D:1      | 0 ||| qw: Allow faded altars: false
     0 | D:1      | 0 ||| qw: Do Orc after D:15 true
     0 | D:1      | 0 ||| qw: Do second Lair branch before Depths: true
     0 | D:1      | 0 ||| qw: Lair rune preference: random
     0 | D:1      | 0 ||| qw: Plans: Normal
     0 | D:1      | 0 ||| PLANNING D:1-11
   375 | D:1      | 375 ||| Stepping ~*~*~tactically~*~*~ (hiding).
   380 | D:1      | Reached skill level 3 in Axes
   380 | D:1      | Reached XP level 2. HP: 16/17 MP: 6/6
   401 | D:1      | Found a faded altar of an unknown god.
   413 | D:1      | 413 ||| Stepping ~*~*~tactically~*~*~ (stealth).
   414 | D:1      | 414 ||| Stepping ~*~*~tactically~*~*~ (stealth).
   446 | D:1      | 446 ||| Stepping ~*~*~tactically~*~*~ (stealth).
   917 | D:1      | Reached XP level 3. HP: 21/21 MP: 7/7
   974 | D:1      | 974 ||| READING scroll labelled DUGOTHR ONNETS.
   975 | D:1      | 975 ||| READING scroll labelled ETYSTU OMIE.
   976 | D:1      | 976 ||| READING scroll labelled OQORRI POOMN.
   977 | D:1      | 977 ||| READING scroll labelled WASTIFFOOSK.
   978 | D:1      | 978 ||| DRINKING 2 yellow potions.
   979 | D:1      | 979 ||| DRINKING 2 black potions.
   980 | D:1      | 980 ||| DROPPING scroll of blinking.
   981 | D:1      | 981 ||| DROPPING potion of brilliance.
  1074 | D:2      | HP: 4/21 [poisoned by an adder]
  1075 | D:2      | Reached skill level 4 in Axes
  1075 | D:2      | 1075 ||| DRINKING potion of curing.
  1075 | D:2      | 1075 ||| (to cure poison)
  1755 | D:2      | 1755 ||| FLEEEEING.
  1756 | D:2      | 1756 ||| FLEEEEING.
  1757 | D:2      | 1757 ||| FLEEEEING.
  1758 | D:2      | 1758 ||| FLEEEEING.
  1761 | D:2      | 1761 ||| FLEEEEING.
  1762 | D:2      | 1762 ||| FLEEEEING.
  1763 | D:2      | 1763 ||| FLEEEEING.
  1764 | D:2      | 1764 ||| FLEEEEING.
  1868 | D:2      | 1868 ||| Stepping ~*~*~tactically~*~*~ (hiding).
  2112 | D:2      | Found a blossoming altar of Fedhas.
  2128 | D:2      | Reached XP level 4. HP: 26/26 MP: 8/8
  2715 | D:2      | 2715 ||| UPGRADING to +0 ring mail.
  2725 | D:2      | 2725 ||| DROPPING +0 leather armour.
  2726 | D:2      | 2726 ||| UPGRADING to +0 chain mail.
  2736 | D:2      | 2736 ||| DROPPING +0 ring mail.
  2737 | D:2      | 2737 ||| UPGRADING to ring of willpower.
  2738 | D:2      | 2738 ||| READING scroll labelled ZEUSIOCLUUL.
  2739 | D:2      | 2739 ||| READING scroll labelled ANWILE ULIS.
  2740 | D:2      | 2740 ||| READING scroll labelled ECHAFR CEUSA.
  2777 | D:3      | 2777 ||| PLANNING SEWER
  2786 | D:3      | 2786 ||| Stepping ~*~*~tactically~*~*~ (stealth).
  2792 | D:3      | Reached skill level 5 in Axes
  2808 | D:3      | Noticed an ice beast
  2823 | D:3      | Slain by an ice beast

Levels and vault maps discovered:
D:1:      psy_arrival_basics, layout_loops_cross,
          hellmonk_ecumenical_altar_inner_sanctum
D:2:      layout_basic, basic_altar, minmay_goblin_outpost
D:3:      wander_river, layout_basic, gup_sewer_entry_bubbles

Skill      XL: |  1  2  3  4 |
---------------+-------------+-----
Axes           | 3 4 5 |  5.0
Fighting       | |  2.0
Throwing       | |  1.0
Armour         | |  1.1
Dodging        | |  2.1
Spellcasting   | |  2.0
Translocations | |  2.4

Action                   |  1- 3 |  4- 6 || total
-------------------------+-------+-------++-------
Melee: Hand axe          |    52 |    38 ||    90
       Kick              |    12 |     7 ||    19
       Peck              |     7 |     7 ||    14
Throw: Boomerang         |     7 |       ||     7
  Use: Scroll            |     4 |     3 ||     7
       Potion            |     3 |       ||     3
Armor: Leather armour    |    11 |     7 ||    18
       Chain mail        |       |     7 ||     7
Dodge: Dodged            |    45 |     6 ||    51

Table legend:
 A = Non-vault XP
 B = Vault XP
 C = Vault XP percentage of total XP
 D = Non-vault monster count
 E = Vault monster count
 F = Vault count percentage of total count
                 A         B        C        D         E       F
            +---------+---------+-------+---------+---------+-------
      Total |     108 |       6 |   5.3 |      32 |       3 |   8.6
            +---------+---------+-------+---------+---------+-------
        D:1 |      35 |       0 |   0.0 |      13 |       0 |   0.0
        D:2 |      68 |       6 |   8.1 |      16 |       3 |  15.8
        D:3 |       5 |       0 |   0.0 |       3 |       0 |   0.0
            +---------+---------+-------+---------+---------+-------
